 Dungeon Crawl Stone Soup version 0.26.1-2-gb8aa6d0cf2 (webtiles) character file.

Game seed: 5172363859736652053

18 Groucho the Sneak (level 2, -2/13 HPs)
             Began as a Spriggan Enchanter on Feb 17, 2021.
             Slain by a kobold
             ... wielding a +0 short sword
              (6 damage)
             ... on level 1 of the Dungeon.
             The game lasted 00:01:34 (713 turns).

Groucho the Sneak (Spriggan Enchanter)               Turns: 713, Time: 00:01:35

Health: -2/13      AC:  2    Str:  4    XL:     2   Next: 48%
Magic:  6/6        EV: 18    Int: 16    God:
Gold:   36         SH:  0    Dex: 16    Spells: 5/6 levels left

rFire    . . .     SeeInvis +   a - +1 dagger
rCold    . . .     Faith    .   (shield restricted)
rNeg     . . .     Spirit   .   b - +0 robe
rPois    .         Reflect  .   (helmet restricted)
rElec    .         Harm     .   (no cloak)
rCorr    .         Rampage  .   (gloves unavailable)
Will     .....                  (boots unavailable)
Stlth    +++.......             (no amulet)
HPRegen  0.04/turn              (no ring)
MPRegen  0.10/turn              (no ring)

@: very quick
A: very small, unfitting armour, see invisible, speed 3
a: no special abilities


You were on level 1 of the Dungeon.
You visited 1 branch of the dungeon, and saw 2 of its levels.

You collected 36 gold pieces.

Inventory:

Hand Weapons
 a - a +1 dagger (weapon)
Missiles
 g - 18 poisoned darts
Armour
 b - a +0 robe (worn)
Scrolls
 c - 2 scrolls of enchant weapon {unknown}
 d - 3 scrolls of remove curse {unknown}
 e - a scroll of teleportation {unknown}
Potions
 f - a potion of attraction {unknown}


   Skills:
 - Level 1.1 Short Blades
 - Level 3.0 Dodging
 * Level 6.0 Stealth
 - Level 2.6 Spellcasting
 - Level 3.6 Hexes


You had 5 spell levels left.
You knew the following spells:

 Your Spells              Type           Power        Failure   Level
a - Corona                Hex            14%          4%          1

Your spell library contained the following spells:

 Spells                   Type           Power        Failure   Level
 Confusing Touch          Hex            13%          13%         3
 Tukima's Dance           Hex            13%          13%         3
 Ensorcelled Hibernation  Hex/Ice        14%          14%         2
 Dazzling Flash           Conj/Hex       14%          28%         3


Dungeon Overview and Level Annotations

Branches:
Dungeon (2/15)

Altars:
Dithmenos


Innate Abilities, Weirdness & Mutations

You are very small and have problems with some larger weapons.
You are too small for most types of armour.
You have supernaturally acute eyesight. (SInv)
You cover ground extremely quickly.


Message History

The kobold closely misses you. The ooze misses you.
You barely miss the ooze.
The ooze is heavily wounded.
The kobold hits you but does no damage. The ooze closely misses you.
You hit the ooze but do no damage.
The ooze is heavily wounded.
The kobold closely misses you. The ooze completely misses you.
You hit the ooze.
The ooze is severely wounded.
The kobold closely misses you. The ooze hits you.
You hit the ooze.
The ooze is severely wounded.
The kobold closely misses you. The ooze misses you.
You hit the ooze.
The ooze is almost dead.
The kobold misses you. The ooze misses you.
You hit the ooze.
You kill the ooze!
The kobold hits you with a +0 short sword.
You die...

... #.# #.# # ..# .# #.####.##
#........ #........ #.....#
######## #@...# ###.......
####K..## ##......... ##.##...#
##....≈≈§≈§§ ############...#...#
#...≈≈§§§≈§≈
>.........†.......####..≈≈.....§§
############...#..# #...≈..#####.
##.##..# #..≈≈.##...## #.##..#
#..≈≈§##.<.## #.##..#
#.§≈§§##...##


You could see a kobold.

Vanquished Creatures
  2 oozes
  A worm (D:2)
  A goblin (D:2)
  2 hobgoblins (D:2)
  A kobold (D:1)
  3 bats
  A frilled lizard (D:2)
11 creatures vanquished.

Notes
Turn   | Place    | Note
-------+----------+-------------------------------------------
     0 | D:1      | Groucho the Spriggan Enchanter began the quest for the Orb.
     0 | D:1      | Reached XP level 1. HP: 9/9 MP: 5/5
   462 | D:2      | Reached skill level 5 in Stealth
   485 | D:2      | Reached XP level 2. HP: 13/13 MP: 6/6
   528 | D:2      | Found a shadowy altar of Dithmenos.
   684 | D:1      | Reached skill level 6 in Stealth
   713 | D:1      | Slain by a kobold

Illustrated notes

Levels and vault maps discovered:
D:1:      dpeg_arrival_concentric_ovals, layout_loops_ring,
          okawaru_ov_weapons_minmay
D:2:      layout_rooms, grunt_dithmenos_smoke_and_mirrors

Skill      XL: |  1  2 |
---------------+-------+-----
Stealth        | 5 6 |  6.0
Short Blades   | |  1.1
Dodging        | |  3.0
Spellcasting   | |  2.6
Hexes          | |  3.6

Action                   || total
-------------------------++-------
Melee: Dagger            ||    55
 Stab: Sleeping          ||     4
Armor: Robe              ||     8
Dodge: Dodged            ||    56
